 Dungeon Crawl Stone Soup version 0.27-a0-1572-gacd6f1ce93 (webtiles) character file.

Game seed: 9794209698258661331

42 Blejac999 the Ducker (level 3, -1/28 HPs)
             Began as a Djinni Gladiator on July 17, 2021.
             Slain by Natasha (7 damage)
             ... on level 2 of the Dungeon.
             The game lasted 00:02:30 (1418 turns).

Blejac999 the Ducker (Djinni Gladiator)             Turns: 1418, Time: 00:02:31

Health: -1/28      AC:  4    Str: 11 (13) XL:     3   Next: 80%
Gold:   53         EV: 13    Int:  7 (9)  God:
                   SH:  0    Dex: 15

rFire    + + .     SeeInvis .   a - +1 long sword
rCold    x . .     Faith    .   (no shield)
rNeg     . . .     Spirit   .   b - +0 leather armour
rPois    ∞         Reflect  .   c - +0 helmet
rElec    .         Harm     .   (no cloak)
rCorr    .         Rampage  .   (no gloves)
Will     .....                  (boots unavailable)
Stlth    +.........             (no amulet)
HPRegen  0.09/turn              (no ring)
MPRegen  0.00/turn              (no ring)

@: flying, slowed, very slow
A: sickness immunity, fire resistance 2, cold vulnerability 1, float, innate
caster, hp casting, extra vitality 1
a: no special abilities


You were on level 2 of the Dungeon.
You visited 1 branch of the dungeon, and saw 2 of its levels.

You collected 53 gold pieces.

Inventory:

Hand Weapons
 a - a +1 long sword (weapon)
Missiles
 d - 4 throwing nets (quivered)
Armour
 b - a +0 leather armour (worn)
 c - a +0 helmet (worn)
Wands
 i - a wand of iceblast (5)
Scrolls
 e - a scroll of acquirement {unknown}
 h - a scroll of teleportation
Potions
 g - a potion of degeneration


   Skills:
 + Level 2.3 Fighting
 + Level 3.2 Long Blades
 + Level 1.6 Throwing
 + Level 0.7 Armour
 + Level 3.9 Dodging
 + Level 0.1 Stealth


You had one spell level left.
You knew the following spells:

 Your Spells              Type           Power      Damage    Failure   Level
a - Freeze                Ice            0%         1d3       52%         1
Your spell library was empty.

Dungeon Overview and Level Annotations

Branches:
Dungeon (2/15)

Altars:

Annotations:
D:2 Natasha


Innate Abilities, Weirdness & Mutations

You are immune to sickness and miasma.
You are immune to poison.
Your flesh is very heat resistant. (rF++)
You are vulnerable to cold. (rC-)
You float through the air rather than walking.
You learn spells naturally, not from books.
Your magical power is your life essence.
You have superior vitality. (+4 HP)


Message History

You slash the ball python!
You kill the ball python!
No target in view!
You now have 53 gold pieces (gained 7).
Found a stone staircase leading down.
Found a stone staircase leading up.
A rat comes into view.
A rat is nearby!
You barely miss the rat. The rat bites you.
You barely miss the rat. The rat misses you.
You riposte.
You hit the rat.
You kill the rat!
No target in view!
No target in view!
You see here a rat corpse.
Natasha, Servant of Life and Death comes into view.
Natasha hisses angrily.
Natasha stares at you and mumbles some strange words.
The magic dart hits you.
Found 17 stones.
Natasha claws you but does no damage.
You hit Natasha but do no damage. Natasha casts a spell at you.
You feel yourself slow down.
You closely miss Natasha.
Natasha drinks a potion.
Natasha flickers and vanishes!
Deactivating autopickup; reactivate with Ctrl-A.
Something claws you.
No target in view!
No target in view!
No target in view!
You slash something! Something claws you but does no damage.
You hear some strange, mumbled words.
You feel as though you will be slow longer.
You hit something. Something claws you.
You closely miss something. Something completely misses you.
Something claws you.
You barely miss something.
Something claws you but does no damage. x2
You hit something but do no damage. Something claws you.
* * * LOW HITPOINT WARNING * * *
Something claws you!
You die...

..#####.##
##.##
#......##
##.# #.#
..#####.##
##.## ..#
..#
##.###.##
.(# #.#
##.#.## ..#
..# ##.##
..# ### #.#
..#
#.######{.#
#...†..@..#
########.##
.# .# .. ..
..# ..#


There were no monsters in sight!

Vanquished Creatures
  A dart slug (D:1)
  8 ball pythons
  2 bats (D:1)
  2 endoplasms (D:1)
  A giant cockroach (D:1)
  3 goblins
  6 hobgoblins (D:1)
  2 quokkas (D:1)
  6 kobolds
  4 rats
35 creatures vanquished.

Notes
Turn   | Place    | Note
-------+----------+-------------------------------------------
     0 | D:1      | Blejac999 the Djinni Gladiator began the quest for the Orb.
     0 | D:1      | Reached XP level 1. HP: 18/18 MP: 0/0
   122 | D:1      | Reached XP level 2. HP: 18/23 MP: 0/0
   557 | D:1      | Reached XP level 3. HP: 28/28 MP: 0/0
   557 | D:1      | Learned a level 1 spell: Freeze
  1145 | D:2      | Found a faded altar of an unknown god.
  1410 | D:2      | Noticed Natasha
  1418 | D:2      | Slain by Natasha

Illustrated notes

Levels and vault maps discovered:
D:1:      heliophobic_arrival_henge, layout_basic
D:2:      layout_loops_ring, basic_ecumenical_altar, uniq_natasha

Skill      XL: |  1  2 |
---------------+-------+-----
Long Blades    | 3 |  3.2
Fighting       | |  2.3
Throwing       | |  1.6
Armour         | |  0.7
Dodging        | |  3.9
Stealth        | |  0.1

Action                   || total
-------------------------++-------
Melee: Long sword        ||    89
  Use: Potion            ||     1
       Scroll            ||     2
Armor: Leather armour    ||    30
Dodge: Dodged            ||    54
       Rpst.: Long sword ||    12

Table legend: (Time is in decaauts)
 A = Elapsed time spent in this place.
 B = Non-inter-level travel time spent in this place.
 C = Inter-level travel time spent in this place.
 D = Time resting spent in this place.
 E = Time spent auto-exploring this place.
 F = Levels seen in this place.
 G = Mean time per level.
                   A        B        C        D        E       F      G
               +--------+--------+--------+--------+--------+-----+--------+
         Total |   1443 |   1443 |      0 |    125 |   1090 |   2 |  721.5 |
       Dungeon |   1443 |   1443 |      0 |    125 |   1090 |   2 |  721.5 |
               +--------+--------+--------+--------+--------+-----+--------+

Top non-repeatable levels by time:
     D:1: 1163 daAuts
     D:2: 280 daAuts
